 Dungeon Crawl Stone Soup version 0.29.0-3-gbb0933ed62 (webtiles) character file.

Game seed: 12192623257309628403

565 Persephone the Skirmisher (level 7, -6/32 (38) HPs)
             Began as a Deep Elf Hunter on Aug 26, 2022.
             Mangled by Edmund
             ... wielding a +1 flail of draining
              (13 damage)
             ... on level 4 of the Dungeon.
             The game lasted 00:06:54 (4146 turns).

Persephone the Skirmisher (Deep Elf Hunter)         Turns: 4146, Time: 00:06:54

HP:   -6/32 (38)    AC:  4    Str: 14    XL:     7   Next: 10%
MP:   9/9           EV: 16    Int: 14    God:
Gold: 150           SH:  0    Dex: 20    Spells: 6/6 levels left

rFire   . . .      SeeInvis .   a - +0 shortbow (flame)
rCold   . . .      Faith    .   (shield currently unavailable)
rNeg    . . .      Spirit   .   c - +0 leather armour
rPois   .          Reflect  .   (no helmet)
rElec   .          Harm     .   q - +0 cloak
rCorr   .          Rampage  .   (no gloves)
Will    .....                   (no boots)
Stlth   ++........              g - amulet of the acrobat
HPRegen 0.10/turn               n - +6 ring of strength
MPRegen 0.11/turn               (no ring)

@: heavily drained
A: no striking features
a: no special abilities


You were on level 4 of the Dungeon.
You visited 1 branch of the dungeon, and saw 4 of its levels.

You collected 150 gold pieces.

Inventory:

Hand Weapons
 a - a +0 shortbow of flaming (weapon)
Armour
 c - a +0 leather armour (worn)
 q - a +0 cloak (worn)
Jewellery
 g - an amulet of the acrobat (around neck)
 n - a +6 ring of strength (left hand)
 o - an amulet of magic regeneration
Wands
 p - a wand of flame (3)
Scrolls
 b - a scroll of immolation
 h - 2 scrolls of enchant weapon {unknown}
 i - a scroll of teleportation
 r - a scroll of amnesia
Potions
 d - a potion of might {unknown}
 e - 3 potions of curing
 f - 4 potions of heal wounds {unknown}
 j - a potion of cancellation {unknown}
 k - a potion of mutation {unknown}
 l - a potion of resistance
 m - a potion of haste {unknown}


   Skills:
 - Level 1.5 Fighting
 + Level 8.9 Ranged Weapons
 + Level 6.8 Dodging
 - Level 1.2 Stealth


You had 6 spell levels left.
You didn't know any spells.
Your spell library contained the following spells:

 Spells                   Type           Power      Damage    Failure   Level
 Gell's Gravitas          Tloc           0%         N/A       73%         3
 Lesser Beckoning         Tloc           0%         N/A       73%         3
 Teleport Other           Tloc           0%         N/A       73%         3


Dungeon Overview and Level Annotations

Branches:
Dungeon (4/15)
 Temple: D:4-7

Altars:
Qazlal

Annotations:
D:4 Edmund


Message History

You are too injured to fight recklessly!
You are too injured to fight recklessly!
You are too injured to fight recklessly!
You are too injured to fight recklessly!
Fire: a) +0 shortbow (flame)
Press: ? - help, Shift-Dir - straight line, f/p - Edmund
Aim: Edmund, wielding a +1 flail of draining and wearing a +0 ring mail (moderately wounded, 69% to hit)
You shoot an arrow. The arrow hits Edmund.
The arrow burns Edmund.
Edmund is moderately wounded.
Edmund misses you.
Fire: a) +0 shortbow (flame)
Press: ? - help, Shift-Dir - straight line, f/p - Edmund
Aim: Edmund, wielding a +1 flail of draining and wearing a +0 ring mail (moderately wounded, 69% to hit)
You shoot an arrow. The arrow hits Edmund.
The arrow burns Edmund.
Edmund is heavily wounded.
Edmund hits you with a +1 flail of draining.
You feel drained.
Fire: a) +0 shortbow (flame)
Press: ? - help, Shift-Dir - straight line, f/p - Edmund
Aim: Edmund, wielding a +1 flail of draining and wearing a +0 ring mail (heavily wounded, 69% to hit)
You shoot an arrow. The arrow closely misses Edmund.
Edmund misses you.
Fire: a) +0 shortbow (flame)
Press: ? - help, Shift-Dir - straight line, f/p - Edmund
Aim: Edmund, wielding a +1 flail of draining and wearing a +0 ring mail (heavily wounded, 69% to hit)
You shoot an arrow. The arrow hits Edmund!
The arrow burns Edmund.
Edmund is severely wounded.
Edmund barely misses you.
Fire: a) +0 shortbow (flame)
Press: ? - help, Shift-Dir - straight line, f/p - Edmund
Aim: Edmund, wielding a +1 flail of draining and wearing a +0 ring mail (severely wounded, 69% to hit)
Fire: a) +0 shortbow (flame)
Press: ? - help, Shift-Dir - straight line, f/p - Edmund
Aim: Edmund, wielding a +1 flail of draining and wearing a +0 ring mail (severely wounded, 69% to hit)
You shoot an arrow. The arrow closely misses Edmund.
Edmund hits you with a +1 flail of draining.
* * * LOW HITPOINT WARNING * * *
You feel drained. Edmund attacks as you move away!
Edmund hits you with a +1 flail of draining!
You die...

##........## #.
#.........## #..
#..........### #.#
#............## ##..##
##............##
#.....####.............#
.........##............#
......@#..............#.
.......@###..........#..
........# ###.........##
......... #........###
.......[.# ######..####
#......... ##.###.
###.......# ##.##..
####....# #..#... ######
#..#... #......


You could see Edmund.

Vanquished Creatures
  A black bear (D:4)
  An ogre (D:4)
  2 scorpions (D:4)
  A hound (D:3)
  An orc priest (D:3)
  2 orc wizards (D:4)
  7 adders
  A white imp (D:4)
  A worm (D:4)
  2 dart slugs
  14 orcs
  8 endoplasms
  3 giant cockroaches
  6 goblins
  7 hobgoblins
  8 kobolds
  3 quokkas
  6 ball pythons
  2 bats
  5 rats
81 creatures vanquished.

Notes
Turn   | Place    | Note
-------+----------+-------------------------------------------
     0 | D:1      | Persephone the Deep Elf Hunter began the quest for the Orb.
     0 | D:1      | Reached XP level 1. HP: 12/12 MP: 3/3
   376 | D:1      | Reached XP level 2. HP: 16/16 MP: 4/4
  1117 | D:2      | Reached skill level 6 in Ranged Weapons
  1117 | D:2      | Reached XP level 3. HP: 8/20 MP: 5/5
  2663 | D:2      | Reached XP level 4. HP: 10/25 MP: 6/6
  2965 | D:3      | Reached skill level 7 in Ranged Weapons
  2965 | D:3      | Reached XP level 5. HP: 29/29 MP: 7/7
  3195 | D:3      | Reached skill level 5 in Dodging
  3395 | D:4      | Found a stormy altar of Qazlal.
  3396 | D:4      | Noticed a fire elemental
  3396 | D:4      | Noticed a water elemental
  3396 | D:4      | Noticed an air elemental
  3873 | D:4      | Reached XP level 6. HP: 34/34 MP: 8/8
  3942 | D:4      | Reached skill level 8 in Ranged Weapons
  4019 | D:4      | Reached XP level 7. HP: 38/38 MP: 9/9
  4134 | D:4      | Noticed Edmund
  4146 | D:4      | Mangled by Edmund

Illustrated notes

Levels and vault maps discovered:
D:1:      scummos_arrival_checkerplants, layout_basic
D:2:      layout_basic
D:3:      layout_rooms, hangedman_abyss_or_decor_lesser_grid
D:4:      layout_cave_pods, nicolae_qazlal_style_of_elements, uniq_edmund

Skill      XL: |  1  2  3  4  5  6 |
---------------+-------------------+-----
Dodging        | 3 4 5 6 |  6.8
Ranged Weapons | 6 7 8 |  8.9
Fighting       | |  1.5
Stealth        | |  1.2

Action                   |  1- 3 |  4- 6 |  7- 9 || total
-------------------------+-------+-------+-------++-------
 Fire: Shortbow          |   115 |   110 |    14 ||   239
  Use: Scroll            |       |     5 |       ||     5
Armor: Leather armour    |    20 |     5 |       ||    25
Dodge: Dodged            |    51 |    21 |     4 ||    76
